 Dungeon Crawl Stone Soup version 0.22.0 (webtiles) character file.

326 Blackhawk the Skirmisher (level 6, -15/49 HPs)
             Began as a Formicid Abyssal Knight on Oct 25, 2018.
             Was a Believer of Lugonu.
             Demolished by an ogre
             ... wielding a +0 giant club
              (22 damage)
             ... on level 4 of the Dungeon.
             The game lasted 00:10:29 (4649 turns).

Blackhawk the Skirmisher (Formicid Abyssal Knight)  Turns: 4649, Time: 00:10:30

Health: -15/49     AC:  8    Str: 18    XL:     6   Next: 78%
Magic:  9/9        EV: 10    Int: 12    God:    Lugonu [**....]
Gold:   226        SH:  0    Dex: 10    Spells: 5/5 levels left

rFire    + . .     SeeInvis +   a - +1 mace
rCold    + . .     Gourm    .   (no shield)
rNeg     . . .     Faith    .   t - +1 scale mail {rC+}
rPois    .         Spirit   .   (helmet unavailable)
rElec    .         Reflect  .   (no cloak)
rCorr    .         Harm     .   (no gloves)
MR       .....                  (no boots)
Stlth    ..........             (no amulet)
HPRegen  0.16/turn              i - ring of protection from fire
MPRegen  0.11/turn              (no ring)

@: no status effects
A: permanent stasis, dig shafts and tunnels, four strong arms, antennae 3
a: Dig, Shaft Self, Depart the Abyss, Bend Space, Renounce Religion


You were on level 4 of the Dungeon.
You worshipped Lugonu.
Lugonu was pleased with you.
You were not hungry.

You visited 1 branch of the dungeon, and saw 4 of its levels.
You visited the Abyss 1 time.

You collected 226 gold pieces.

Inventory:

Hand Weapons
 a - a +1 mace (weapon)
Missiles
 f - 115 stones (quivered)
Armour
 b - a +0 leather armour
 o - a +0 plate armour
 t - a +1 scale mail of cold resistance (worn)
 v - a +0 buckler
Jewellery
 i - a ring of protection from fire (left hand)
 u - an uncursed ring of protection from magic {unknown}
Scrolls
 d - a scroll of amnesia
 e - 4 scrolls of remove curse
 g - 2 scrolls of enchant armour {unknown}
 k - a scroll of noise
 l - a scroll of immolation {unknown}
 n - a scroll of identify
 p - a scroll of teleportation {unknown}
Potions
 h - a potion of curing {unknown}
 j - 2 potions of cancellation {unknown}
 m - a potion of might {unknown}
 r - a potion of agility {unknown}
 s - a potion of degeneration {unknown}
Comestibles
 c - 6 rations
 q - a chunk of flesh


   Skills:
 + Level 4.5 Fighting
 + Level 3.3 Maces & Flails
 + Level 3.7 Armour
 - Level 2.1 Dodging
 + Level 1.6 Shields
 + Level 4.0 Invocations


You had 5 spell levels left.
You didn't know any spells.
Your spell library was empty.

Dungeon Overview and Level Annotations

Branches:
Dungeon (4/15)             Temple (0/1) D:4

Altars:
Dithmenos
Nemelex Xobeh


Innate Abilities, Weirdness & Mutations

You cannot be hasted, slowed, berserked, paralysed or teleported.
You can dig through walls and to a lower floor.
Your four strong arms can wield two-handed weapons with a shield.
You have a pair of large antennae on your head. (SInv)


Message History

You are too injured to fight recklessly!
You are too injured to fight recklessly!
You are too injured to fight recklessly!
You are too injured to fight recklessly!
You are too injured to fight recklessly!
You are too injured to fight recklessly!
You are too injured to fight recklessly!
You are too injured to fight recklessly!
You are too injured to fight recklessly!
You are too injured to fight recklessly!
You are too injured to fight recklessly!
You are too injured to fight recklessly!
You hit the ogre.
The ogre is severely wounded.
The ogre hits you with a giant club!
* * * LOW HITPOINT WARNING * * *
You closely miss the ogre.
The ogre is severely wounded.
The ogre hits you with a giant club!!
You die...

## ... #.##
#...########## ##
###...........#
.................#
#.###............
.>.......@.....#
#.#......#O.##..8
###........#..#
#....##..#.#..#
#....##....#..#
#....##.#####.#
#....##.......#
#....##.#######
##......#


You could see an ogre.

Vanquished Creatures
  A scorpion (D:4)
  An orc wizard (D:3)
  2 worker ants (D:4)
  A mummy (D:4)
  3 gnolls (D:2)
  6 adders
  An ooze (D:2)
  A worm (D:3)
  3 dart slugs (D:1)
  4 leopard geckos
  5 orcs (D:3)
  5 giant cockroaches
  6 goblins
  13 hobgoblins
  9 jackals
  A quokka (D:2)
  A ball python (D:1)
  8 bats
  3 frilled lizards
  6 kobolds
  9 rats
89 creatures vanquished.

Notes
Turn   | Place    | Note
-------+----------+-------------------------------------------
     0 | Abyss:1  | Blackhawk the Formicid Abyssal Knight began the quest for the Orb.
     0 | Abyss:1  | Reached XP level 1. HP: 18/18 MP: 2/2
    36 | Abyss:1  | Noticed a small abomination
    72 | Abyss:1  | Noticed a great orb of eyes
    85 | Abyss:1  | Noticed a ynoxinul
    85 | Abyss:1  | Noticed a large abomination
   122 | D:1      | Escaped the Abyss
   152 | D:1      | Reached skill level 1 in Dodging
   180 | D:1      | Reached XP level 2. HP: 24/24 MP: 3/3
   423 | D:1      | Reached * piety under Lugonu
   442 | D:1      | Reached XP level 3. HP: 22/29 MP: 4/4
  1264 | D:2      | Reached XP level 4. HP: 37/37 MP: 6/6
  1295 | D:2      | Reached ** piety under Lugonu
  2082 | D:2      | Reached XP level 5. HP: 41/42 MP: 7/7
  2244 | D:2      | Found a sparkling altar of Nemelex Xobeh.
  2591 | D:3      | Found a shadowy altar of Dithmenos.
  3537 | D:4      | Reached XP level 6. HP: 26/48 MP: 8/8
  3664 | D:4      | Reached skill level 1 in Shields
  4495 | D:4      | Found a staircase to the Ecumenical Temple.
  4645 | D:4      | Noticed an ogre
  4649 | D:4      | Demolished by an ogre

Skill      XL: |  1  2  3  4  5  6 |
---------------+-------------------+-----
Dodging        | 1 2 |  2.1
Invocations    | 3 4 |  4.0
Fighting       | 4 |  4.5
Armour         | 3 |  3.7
Maces & Flails | 3 |  3.3
Shields        | 1 |  1.6

Action                   |  1- 3 |  4- 6 || total
-------------------------+-------+-------++-------
Melee: Mace              |   116 |   230 ||   346
Invok: Depart the Abyss  |     1 |       ||     1
 Abil: Dig               |     1 |     6 ||     7
  Use: Scroll            |       |     4 ||     4
  Eat: Chunk             |     1 |    12 ||    13
Armor: Leather armour    |    49 |     2 ||    51
       Plate armour      |       |    87 ||    87
       Scale mail        |       |    37 ||    37
Dodge: Dodged            |    85 |   111 ||   196
